 Dungeon Crawl Stone Soup version 0.31.0-11-ge490571c62 (webtiles) character file.

Game seed: 2216052505467623687

3199 jasper the Toxicologist (level 9, 0/49 HPs)
             Began as a Vampire Alchemist on Feb 2, 2024.
             Was a Follower of Sif Muna.
             Slain by a two-headed ogre
             ... wielding a +0 giant club
              (27 damage)
             ... on level 8 of the Dungeon.
             The game lasted 00:12:26 (7435 turns).

jasper the Toxicologist (Vampire Alchemist)         Turns: 7435, Time: 00:12:27

Health: 0/49       AC:  7    Str:  7    XL:     9   Next: 64%
Magic:  2/16       EV: 14    Int: 21    God:    Sif Muna [*.....]
Gold:   365        SH:  0    Dex: 21    Spells: 2/18 levels left

rFire   . . .        u - +1 short sword (elec)
rCold   + + .        (no shield)
rNeg    + + +        a - +1 robe
rPois   ∞            (no helmet)
rElec   .            C - +0 cloak
rCorr   .            (no gloves)
SInv    +            A - +2 pair of boots
Will    .....        o - amulet of magic regeneration
Stlth   ++++++       c - +6 ring of dexterity
HPRegen 0.00/turn    (no ring)
MPRegen 0.55/turn

%: no passive effects
@: immotile, bloodless, inhibited regen
A: bloodless, fangs 3, see invisible, vampiric 2
a: Bat Form, Revivify, Renounce Religion, Channel Magic


You were on level 8 of the Dungeon.
You worshipped Sif Muna.
Sif Muna was aware of your devotion.
You visited 2 branches of the dungeon, and saw 9 of its levels.

You collected 365 gold pieces.

Inventory:

Hand Weapons
 f - a +0 dagger
 u - a +1 short sword of electrocution (weapon)
Armour
 a - a +1 robe (worn)
 A - a +2 pair of boots (worn)
 B - a +0 troll leather armour
 C - a +0 cloak (worn)
Magical Staves
 n - a staff of conjuration
 v - a staff of earth
Jewellery
 c - a +6 ring of dexterity (left hand)
 o - an amulet of magic regeneration (around neck)
 t - a ring of willpower
 H - a ring of magical power
Wands
 p - a wand of polymorph (10)
 E - a wand of acid (6)
Scrolls
 h - 3 scrolls of revelation
 l - 2 scrolls of teleportation
 m - 2 scrolls of fear
 r - a scroll of blinking
 s - a scroll of identify
 y - a scroll of summoning
 F - a scroll of poison
 G - a scroll of enchant weapon
 I - a scroll of noise {unknown}
Potions
 b - a potion of magic
 d - 2 potions of attraction
 e - 2 potions of mutation {unknown}
 g - 2 potions of heal wounds
 i - a potion of berserk rage
 j - 7 potions of curing
 k - a potion of might
 q - a potion of resistance
 w - a potion of invisibility
 x - a potion of degeneration
 z - a potion of ambrosia {unknown}
 D - a potion of haste {unknown}


   Skills:
 + Level 2.8 Fighting
 + Level 3.4 Short Blades
 + Level 4.2 Dodging
 + Level 6.1 Stealth
 - Level 5.0 Spellcasting
 - Level 2.0 Conjurations
 - Level 3.0 Fire Magic
 - Level 2.0 Air Magic
 - Level 10.0 Alchemy
 + Level 2.8 Invocations


You had 2 spell levels left.
You knew the following spells:

 Your Spells              Type           Power      Damage    Failure   Level
a - Sting                 Conj/Alch      100%       1d9       1%          1
b - Momentum Strike       Conj/Tloc      18%        3d8       11%         2
c - Mephitic Cloud        Conj/Alch/Air  24%        N/A       4%          3
d - Olgreb's Toxic Radia  Alch           47%        N/A       1%          4
e - Sticky Flame          Fire/Alch      32%        2d7       8%          4
f - Blink                 Tloc           10%        N/A       16%         2

Your spell library contained the following spells:

 Spells                   Type           Power      Damage    Failure   Level
 Mercury Vapours          Alch/Air       60%        N/A       1%          2
 Call Imp                 Summ           10%        N/A       16%         2
 Lesser Beckoning         Tloc           10%        N/A       16%         2
 Sublimation of Blood     Necr           5%         N/A       16%         2
 Volatile Blastmotes      Fire/Tloc      22%        2d11      17%         3
 Dazzling Flash           Conj/Hex       18%        N/A       22%         3
 Hailstorm                Conj/Ice       9%         3d6       22%         3
 Fugue of the Fallen      Necr           5%         N/A       32%         3
 Ozocubu's Armour         Ice            5%         N/A       32%         3
 Manifold Assault         Tloc           5%         N/A       71%         4
 Fireball                 Conj/Fire      7%         3d5       71%         5
 Starburst                Conj/Fire      7%         6d4       99%         6
 Ozocubu's Refrigeration  Ice            2%         4d8       100%        7
 Summon Hydra             Summ           2%         N/A       100%        7
 Maxwell's Capacitive Co  Air            6%         ∞         100%        8


Dungeon Overview and Level Annotations

Branches:
Dungeon (8/15)             Temple (1/1) D:5
   Lair: D:8-11

Altars:
Ashenzari
Cheibriados
Dithmenos
Fedhas
Gozag
Hepliaklqana
Makhleb
Nemelex Xobeh
Okawaru
Qazlal
Ru
Sif Muna
Trog
Uskayaw
Vehumet
Wu Jian
Xom

Annotations:
D:3 2 transporters, Greth's ghost, weakling DsNe


Innate Abilities, Weirdness & Mutations

You do not regenerate when monsters are visible.
You are frail without blood (-20% HP).
You can heal yourself when you bite living creatures.
You are immune to poison.
You have razor-sharp teeth.
You have supernaturally acute eyesight. (SInv)
You are afflicted with vampirism and can become a bat while bloodless.


Message History

The sting hits the two-headed ogre.
The two-headed ogre looks even sicker.
The two-headed ogre is moderately wounded.
The two-headed ogre is engulfed in noxious fumes.
Casting: Sting (safe; 1% risk of failure)
Confirm with . or Enter, or press ? or * to list all spells.
Aiming: Momentum Strike (safe; 11% risk of failure)
Press: ? - help, Dir - move target, f/p - two-headed ogre
Aim: a two-headed ogre, wielding two +0 giant clubs (moderately wounded, very poisoned, 85% to hit)
The concentrated momentum hits the two-headed ogre!
The two-headed ogre is heavily wounded.
You are unable to move.
Unknown command.
Casting: Momentum Strike (safe; 11% risk of failure)
Confirm with . or Enter, or press ? or * to list all spells.
Aiming: Sticky Flame (dangerous; 8% risk of failure)
Press: ? - help, Shift-Dir - straight line, f/p - two-headed ogre
Aim: a two-headed ogre, wielding two +0 giant clubs (heavily wounded, very poisoned)
The sticky flame hits the two-headed ogre.
The two-headed ogre is heavily wounded.
The two-headed ogre burns!
The two-headed ogre hits you with a +0 giant club! x2
Casting: Sticky Flame (dangerous; 8% risk of failure)
Confirm with . or Enter, or press ? or * to list all spells.
Aiming: Mephitic Cloud (dangerous; 4% risk of failure)
Press: ? - help, Shift-Dir - straight line, f/p - two-headed ogre
Aim: a two-headed ogre, wielding two +0 giant clubs (severely wounded, covered in liquid flames, very poisoned, chance to affect: 53%)
The ball explodes into a vile cloud!
The stinking cloud engulfs the two-headed ogre.
The two-headed ogre is severely wounded.
The stinking cloud engulfs you.
The two-headed ogre burns!
The two-headed ogre is engulfed in noxious fumes.
The two-headed ogre hits you with a +0 giant club!!
Ouch! That really hurt!
You die...

.......#.##.#.#.#.....#
.).....#.##.#.#.###.#.#
.........##.#.#.. #.#.#
..|.##...##.#.#####.###
....####)##...#.......#
.......)>##.#########.#
.........##...#.......#
.........####.#.#######
###......##.#.#.@O§§§○#
####..#..##.#.#########
.........##...........#
........#############.#
...##....##...#.#...#.#
...####..##.#...#.#.#.#
...###...##.#####.#.#.#
...##.............#...#
..###...###############


You could see a two-headed ogre (burning, very poisoned).

Vanquished Creatures
  A hornet (D:7)
  2 orc warriors
  2 ice beasts (D:6)
  2 sky beasts
  4 black bears
  2 ogres (D:5)
  3 bullfrogs
  2 scorpions
  6 wights
  5 killer bees (D:8)
  2 bombardier beetles (D:5)
  A jelly (D:5)
  4 hounds
  7 orc priests
  3 sleepcaps
  6 iguanas
  6 orc wizards
  7 gnolls
  10 adders
  A shadow imp (D:7)
  A white imp (D:5)
  2 dart slugs
  A ribbon worm (D:3)
  18 orcs
  12 bats
  6 endoplasms
  7 giant cockroaches
  5 goblins
  6 hobgoblins
  3 jackals (D:1)
  4 kobolds
  3 quokkas
  10 ball pythons
  4 frilled lizards (D:2)
  9 rats
167 creatures vanquished.

Notes
Turn   | Place    | Note
-------+----------+-------------------------------------------
     0 | D:1      | jasper the Vampire Alchemist began the quest for the Orb.
     0 | D:1      | Reached XP level 1. HP: 13/13 MP: 3/3
   187 | D:1      | Reached skill level 4 in Alchemy
   187 | D:1      | Reached XP level 2. HP: 15/15 MP: 0/5
   655 | D:1      | Found a faded altar of an unknown god.
  1203 | D:2      | Gained mutation: You are afflicted with vampirism and can
                  | become a bat while bloodless. [Vampire growth]
  1203 | D:2      | Reached XP level 3. HP: 19/19 MP: 2/6
  1206 | D:2      | Learned a level 2 spell: Momentum Strike
  1210 | D:2      | Learned a level 3 spell: Mephitic Cloud
  1390 | D:2      | Reached skill level 5 in Alchemy
  2343 | D:3      | Reached XP level 4. HP: 5/24 MP: 4/7
  2643 | D:3      | Found a transporter.
  2645 | D:3      | Noticed Greth's ghost (weakling DsNe)
  2663 | D:3      | Found a transporter.
  2765 | D:3      | Reached skill level 6 in Alchemy
  3088 | D:3      | Reached XP level 5. HP: 28/28 MP: 8/8
  3417 | D:4      | Reached skill level 7 in Alchemy
  3500 | D:4      | Got the Compendium of Scorched Hail
  3750 | D:4      | Found a shimmering altar of Xom.
  3856 | D:4      | Reached XP level 6. HP: 29/32 MP: 7/9
  3896 | D:4      | Found a bloodstained altar of Trog.
  4013 | D:5      | Entered Level 5 of the Dungeon
  4197 | D:5      | Reached skill level 8 in Alchemy
  4315 | D:5      | Found a staircase to the Ecumenical Temple.
  4337 | Temple   | Entered the Ecumenical Temple
  4346 | Temple   | Became a worshipper of Sif Muna the Loreminder
  4373 | D:5      | Reached skill level 9 in Alchemy
  4373 | D:5      | Reached XP level 7. HP: 36/36 MP: 8/10
  4378 | D:5      | Learned a level 4 spell: Olgreb's Toxic Radiance
  4653 | D:5      | Reached skill level 10 in Alchemy
  5228 | D:6      | Reached XP level 8. HP: 12/41 MP: 6/13
  5476 | D:6      | Learned a level 4 spell: Sticky Flame
  5479 | D:6      | Learned a level 2 spell: Blink
  5527 | D:6      | Reached skill level 5 in Spellcasting
  5527 | D:6      | Reached skill level 1 in Conjurations
  5527 | D:6      | Reached skill level 1 in Air Magic
  5615 | D:6      | Reached skill level 1 in Fire Magic
  6397 | D:7      | Reached * piety under Sif Muna
  6408 | D:7      | Reached skill level 1 in Short Blades
  6415 | D:7      | Reached XP level 9. HP: 27/46 MP: 12/16
  6418 | D:7      | Reached skill level 1 in Fighting
  6418 | D:7      | Reached skill level 1 in Invocations
  6581 | D:7      | Found a radiant altar of Vehumet.
  6673 | D:7      | Found a snail-covered altar of Cheibriados.
  6851 | D:7      | Identified the +1 dagger "Jojanute" {flame, rC++ Int-2}
  7112 | D:8      | Reached skill level 5 in Stealth
  7428 | D:8      | Noticed a two-headed ogre
  7435 | D:8      | Slain by a two-headed ogre

Illustrated notes

Levels and vault maps discovered:
D:1:      lemuel_arrival_behind_the_door_small, layout_loops_ring,
          chequers_ecumenical_altar_simple_redux
D:2:      layout_basic
D:3:      layout_loops_ring, gammafunk_ghost_stat_death,
          gup_sewer_entry_bubbles, roderic_batcave, nicolae_half_adder
D:4:      layout_cave_pools, trog_antimagical, nicolae_overflow_hidden_temple,
          minmay_misc_feat_more_columns
D:5:      layout_loops_corners, temple_pool_b
D:6:      layout_cave_pools
D:7:      layout_loops_ring, mainiacjoe_overflow_brackets,
          lemuel_coloured_pillars_altar
D:8:      layout_cave_pools, enter_bailey_2, wad_mini_maze
Temple:   eino_temple_scatter_basement

Skill      XL: |  1  2  3  4  5  6  7  8  9 |
---------------+----------------------------+-----
Alchemy        | 4 5 6 7 9 10 | 10.0
Spellcasting   | 3 5 |  5.0
Conjurations   | 2 |  2.0
Air Magic      | 2 |  2.0
Fire Magic     | 3 |  3.0
Short Blades   | 1 3 |  3.4
Fighting       | 2 |  2.8
Invocations    | 2 |  2.8
Dodging        | 4 |  4.2
Stealth        | 6 |  6.1

Action                     |  1- 3 |  4- 6 |  7- 9 || total
---------------------------+-------+-------+-------++-------
  Melee: Dagger            |    13 |     6 |       ||    19
         Bite              |     1 |       |     7 ||     8
         Short sword       |       |     2 |    59 ||    61
         Punch             |       |       |     1 ||     1
   Cast: Sting             |    75 |   114 |    32 ||   221
         Mephitic Cloud    |       |     3 |     4 ||     7
         Momentum Strike   |       |     1 |     2 ||     3
         Olgreb's Toxic Ra |       |       |    31 ||    31
         Sticky Flame      |       |       |    12 ||    12
Ability: Exsanguinate      |     1 |       |       ||     1
    Use: Scroll            |     9 |       |     9 ||    18
         Potion            |       |       |     1 ||     1
   Stab: Sleeping          |     4 |     2 |     9 ||    15
         Distracted        |       |     1 |       ||     1
 Armour: Robe              |    17 |    29 |    54 ||   100
  Dodge: Dodged            |    18 |    26 |    54 ||    98
